 Dungeon Crawl Stone Soup version 0.24.0-10-g970556be89 (webtiles) character file.

Game seed: 1153002676018571959, levelgen mode: deterministic

118 opiumtea the Magician (level 5, 0/31 HPs)
             Began as an Octopode Conjurer on Nov 3, 2019.
             Slain by a river rat (10 damage)
             ... on level 3 of the Dungeon.
             The game lasted 00:05:41 (2368 turns).

opiumtea the Magician (Octopode Conjurer)           Turns: 2368, Time: 00:05:42

Health: 0/31       AC:  1    Str:  7    XL:     5   Next: 2%
Magic:  1/12       EV: 13    Int: 18    God:
Gold:   79         SH:  0    Dex: 13    Spells: 7/13 levels left

rFire    + . .     SeeInvis .   c - +0 spear
rCold    . . .     Gourm    .   (no shield)
rNeg     . . .     Faith    .   (helmet restricted)
rPois    .         Spirit   .   (no amulet)
rElec    .         Reflect  .   f - ring of protection from fire
rCorr    .         Harm     .   (no ring)
MR       .....                  (no ring)
Stlth    +++.......             (no ring)
HPRegen  0.10/turn              (no ring)
MPRegen  0.13/turn              (no ring)
                                (no ring)
                                (no ring)

@: no status effects
A: almost no armour, stealthy swim, amphibious, 8 rings, constrict 8, camouflage
1, gelatinous body 1
a: no special abilities


You were on level 3 of the Dungeon.
You were not hungry.

You visited 1 branch of the dungeon, and saw 3 of its levels.

You collected 79 gold pieces.

Inventory:

Hand Weapons
 c - a +0 spear (weapon)
Jewellery
 f - a ring of protection from fire (left tentacle)
Scrolls
 a - a scroll of fear
Potions
 d - 3 potions of curing
 e - a potion of ambrosia
Comestibles
 b - 3 rations


   Skills:
 - Level 2.0 Dodging
 - Level 2.6 Stealth
 + Level 4.6 Spellcasting
 - Level 4.0 Conjurations


You had 7 spell levels left.
You knew the following spells:

 Your Spells              Type           Power        Failure   Level  Hunger
a - Magic Dart            Conj           ###.         2%          1    None
b - Searing Ray           Conj           ###...       4%          2    #......
c - Dazzling Spray        Conj/Hex       ##....       19%         3    ###....

Your spell library contained the following spells:

 Spells                   Type           Power        Failure   Level  Hunger
 Iskenderun's Mystic Bla  Conj           ###.....     26%         4    ####...
 Force Lance              Conj/Tloc      ##......     52%         4    ####...
 Fulminant Prism          Conj/Hex       ##........   52%         4    ####...


Dungeon Overview and Level Annotations

Branches:
Dungeon (3/15)

Altars:


Innate Abilities, Weirdness & Mutations

You cannot wear most types of armour.
You are very stealthy in the water. (Stealth+)
You are amphibious.
You can wear up to eight rings at the same time.
You can use your tentacles to constrict eight enemies at once.
Your skin changes colour to match your surroundings (Stealth+).
Your rubbery body absorbs attacks. (AC +1, EV +1)


Message History

The river rat is almost dead.
The searing ray hits the river rat.
You kill the river rat!
You have reached level 5!
You feel agile.
The searing ray misses the river rat.
You finish channeling your searing ray.
You barely miss the river rat. Your grab misses the river rat.
Your squeeze misses the river rat. The river rat barely misses you.
You barely miss the river rat. You grab the river rat.
You constrict the river rat. The river rat bites you!
You barely miss the river rat.
The river rat is lightly wounded.
You constrict the river rat. The river rat bites you.
You hit the river rat.
The river rat is moderately wounded.
You constrict the river rat. The river rat bites you!
You hit the river rat.
The river rat is severely wounded.
You constrict the river rat. The river rat bites you!
You die...

#.# #.# ##+# ... #...#
#.# .....# ######.#
......# #....#.#
.......##.#....######.
......rr@..<.....[....
.......##.#...#######.
......# #....## ....†#
###.## #...# #.# #...
#.# ≈≈# ### ≈≈


You could see a river rat and a rat.

Vanquished Creatures
  2 adders
  3 gnolls (D:2)
  A river rat (D:3)
  An ooze (D:1)
  3 worms
  3 dart slugs (D:1)
  2 leopard geckos
  2 bats
  2 giant cockroaches
  6 goblins
  2 hobgoblins (D:1)
  3 jackals (D:2)
  2 frilled lizards
  9 kobolds
  4 rats
45 creatures vanquished.

Notes
Turn   | Place    | Note
-------+----------+-------------------------------------------
     0 | D:1      | opiumtea the Octopode Conjurer began the quest for the Orb.
     0 | D:1      | Reached XP level 1. HP: 11/11 MP: 3/3
    59 | D:1      | Reached XP level 2. HP: 10/17 MP: 1/5
    66 | D:1      | Learned a level 2 spell: Searing Ray
   589 | D:1      | Reached XP level 3. HP: 21/21 MP: 4/7
  1033 | D:2      | Learned a level 3 spell: Dazzling Spray
  1691 | D:2      | Reached XP level 4. HP: 27/27 MP: 2/9
  2362 | D:3      | Reached XP level 5. HP: 31/31 MP: 1/12
  2368 | D:3      | Slain by a river rat

Levels and vault maps discovered:
D:1:      erik_arrival_blinker_ship, layout_rooms, grunt_decor_mini_mirrors
D:2:      layout_loops_ring
D:3:      layout_loops_corners, chequers_ecumenical_altar_simple,
          lightli_sewer_entry_pipes

Skill      XL: |  1  2  3  4 |
---------------+-------------+-----
Spellcasting   | 3 4 |  4.6
Dodging        | |  2.0
Stealth        | |  2.6
Conjurations   | |  4.0

Action                   |  1- 3 |  4- 6 || total
-------------------------+-------+-------++-------
Melee: Unarmed           |     8 |       ||     8
       Tentacles         |     4 |       ||     4
       Constrict         |     2 |     1 ||     3
       Spear             |     6 |     5 ||    11
 Cast: Magic Dart        |    63 |    27 ||    90
       Searing Ray       |     3 |     5 ||     8
  Use: Scroll            |       |     4 ||     4
  Eat: Chunk             |     2 |     3 ||     5
Armor: Skin              |     2 |       ||     2
Dodge: Dodged            |    21 |     3 ||    24
